 Dungeon Crawl Stone Soup version 0.31-a0-640-g39d97e502b (webtiles) character file.

Game seed: 4201668199563298999

823 qw the Skirmisher (level 7, -3/44 HPs)
             Began as a Gargoyle Hunter on Aug 27, 2023.
             Was a Follower of Okawaru.
             Slain by Maggie
             ... wielding a +0 glaive
              (5 damage)
             ... on level 6 of the Dungeon.
             The game lasted 00:01:41 (3903 turns).

qw the Skirmisher (Gargoyle Hunter)                 Turns: 3903, Time: 00:01:41

Health: -3/44      AC: 16    Str: 15    XL:     7   Next: 96%
Magic:  5/7        EV: 10    Int:  9    God:    Okawaru [*.....]
Gold:   73         SH:  0    Dex: 15    Spells: 6/6 levels left

rFire   . . .        Y - +2 shortbow
rCold   . . .        (shield currently unavailable)
rNeg    + . .        j - +0 ring mail
rPois   inf          (no helmet)
rElec   +            e - +0 cloak
rCorr   .            (no gloves)
SInv    .            (no boots)
Will    .....        (no amulet)
Stlth   +++          c - +4 ring of protection
HPRegen 0.27/turn    (no ring)
MPRegen 0.10/turn

%: no passive effects
@: heroic, grasped by roots, constricted
A: sickness immunity, AC +4, negative energy resistance 1, electricity
resistance, torment resistance 1, petrification resistance
a: Renounce Religion, Heroism


You were on level 6 of the Dungeon.
You worshipped Okawaru.
Okawaru was aware of your devotion.
You visited 1 branch of the dungeon, and saw 6 of its levels.

You collected 205 gold pieces.
You spent 132 gold pieces at shops.


Innate Abilities, Weirdness & Mutations

You are immune to sickness and miasma.
Your stone body is resilient. (AC +4)
You are immune to poison.
You resist negative energy. (rN+)
You are resistant to electric shocks. (rElec)
You are resistant to unholy torment.
You are immune to petrification.


   Skills:
 - Level 5.3(10.3) Fighting
 - Level 8.3(13.3) Ranged Weapons
 + Level 1.1(6.1) Armour
 - Level 1.5(6.5) Dodging
 - Level 1.1(6.1) Stealth
 + Level 0.0 Invocations


You had 6 spell levels left.
You didn't know any spells.
Your spell library was empty.

Inventory:

Hand Weapons
 Y - a +2 shortbow (weapon)
Armour
 e - a +0 cloak (worn)
 g - +0 steam dragon scales
 j - a +0 ring mail (worn)
Jewellery
 c - a +4 ring of protection (left hand)
 d - a ring of ice
Scrolls
 a - 4 scrolls of identify
Potions
 b - a potion of enlightenment
 f - a potion of attraction {unknown}
 h - a potion of mutation
 k - a potion of haste
 l - 4 potions of curing

Dungeon Overview and Level Annotations

Branches:
Dungeon (6/15)             Temple (0/1) D:4

Altars:
Ashenzari
Dithmenos
Okawaru
Zin

Shops:
D:3 *

Annotations:
D:6 1 runed translucent door, Crazy Yiuf, Maggie


Message History

The phantom hits you.
Maggie casts a spell.
Maggie attempts to bespell you!
You are mesmerised by Maggie!
You shoot an arrow. The arrow hits the phantom.
The phantom is heavily damaged.
Maggie hits you from afar with a +0 glaive!
The phantom barely misses you.
3896 ||| INVOKING Heroism.
You gain the combat prowess of a mighty hero.
You can no longer gain great but temporary skills.
Maggie hits you from afar with a +0 glaive.
The phantom hits you.
You shoot an arrow. The arrow hits the phantom.
The phantom is severely damaged.
The phantom hits you. Maggie closely misses you.
You shoot an arrow. The arrow barely misses the phantom.
The phantom hits you.
Maggie hits you from afar with a +0 glaive.
You shoot an arrow. The arrow hits the phantom.
The phantom is almost destroyed.
You shoot an arrow. The arrow hits the phantom.
The phantom is almost destroyed.
The phantom completely misses you. Maggie closely misses you.
You shoot an arrow. The arrow hits the phantom!
You destroy the phantom!
Okawaru accepts your kill.
You can now gain great but temporary skills.
Maggie hits you but does no damage.
Your base Fighting skill increases to level 5!
You shoot an arrow.
The arrow hits Maggie but does no damage.
You break out of your daze.
Maggie zaps a wand.
The roots erupt in riotous growth!
The grasping roots grab you! The grasping roots constrict you.
You hear a shout!
You shoot an arrow. The arrow closely misses Maggie.
Maggie hits you from afar with a +0 glaive.
You die...

#.........#....:....#8
#........#..........##
#......#.#..........##
#......#...###.....<##
#........#.# ##.....#8
#.....##.#.## ########
#............ ##8##
#...##....... .....
#....@....... .....
#.#..#####..# .....
#...@....... ##8##
###....#@... ## #
...#.W. .. #8
....#.... ##
.###..$..... # .. ###
..... .. .....


You could see Maggie.

Vanquished Creatures
  A steam dragon (D:6)
  A black bear (D:6)
  An ogre (D:6)
  A phantom (D:6)
  A scorpion (D:5)
  A howler monkey (D:5)
  2 hounds
  An orc priest (D:3)
  2 iguanas (D:5)
  3 gnolls (D:4)
  9 adders
  3 dart slugs
  9 orcs (D:3)
  5 bats
  7 endoplasms
  A giant cockroach (D:1)
  8 goblins
  7 hobgoblins
  7 jackals
  5 kobolds
  3 quokkas
  9 ball pythons
  3 frilled lizards
  8 rats
98 creatures vanquished.

Notes
Turn   | Place    | Note
-------+----------+-------------------------------------------
     0 | D:1      | qw the Gargoyle Hunter began the quest for the Orb.
     0 | D:1      | Reached XP level 1. HP: 12/12 MP: 1/1
     0 | D:1      | 0 ||| qw: Version: 0.3-a-74-g0d5e918
     0 | D:1      | 0 ||| qw: Game counter: 35
     0 | D:1      | 0 ||| qw: Melee chars always use a shield: true
     0 | D:1      | 0 ||| qw: God list: Okawaru
     0 | D:1      | 0 ||| qw: Allow faded altars: false
     0 | D:1      | 0 ||| qw: Do Orc after clearing Dungeon:15 true
     0 | D:1      | 0 ||| qw: Do second Lair branch before Depths: true
     0 | D:1      | 0 ||| qw: Lair rune preference: random
     0 | D:1      | 0 ||| qw: Goals: Normal
     0 | D:1      | 0 ||| PLANNING D:1-11
   100 | D:1      | 100 ||| RETREATING.
   107 | D:1      | Reached XP level 2. HP: 13/17 MP: 2/2
   119 | D:1      | HP: 4/17 [jackal (3)]
   296 | D:1      | Reached XP level 3. HP: 21/21 MP: 3/3
   467 | D:1      | 467 ||| UPGRADING to +0 ring mail.
   477 | D:1      | 477 ||| DROPPING +0 leather armour.
   478 | D:1      | 478 ||| READING 4 scrolls labelled FANNARAODO.
   479 | D:1      | 479 ||| READING scroll labelled WACLYE MAMOIPS.
   480 | D:1      | 480 ||| READING scroll labelled XIALETU BOKI.
   481 | D:1      | 481 ||| READING scroll labelled BEUM MILIE.
   582 | D:1      | 582 ||| READING 3 scrolls of identify.
   582 | D:1      | 582 ||| IDENTIFYING fuming amethyst potion
   583 | D:1      | 583 ||| READING 2 scrolls of identify.
   583 | D:1      | 583 ||| IDENTIFYING puce potion
   584 | D:1      | 584 ||| DROPPING scroll of butterflies.
   585 | D:1      | 585 ||| DROPPING potion of degeneration.
   625 | D:2      | Reached skill level 1 in Armour
   631 | D:2      | Reached skill level 5 in Ranged Weapons
   665 | D:2      | Reached XP level 4. HP: 27/27 MP: 4/4
   712 | D:2      | Reached skill level 3 in Fighting
  1010 | D:2      | 1010 ||| READING scroll of enchant weapon.
  1010 | D:2      | 1010 ||| ENCHANTING +1 shortbow.
  1228 | D:2      | 1228 ||| READING scroll labelled RAISUWK ON XUTZ.
  1229 | D:2      | 1229 ||| DRINKING 2 clear potions.
  1230 | D:2      | 1230 ||| READING 2 scrolls of identify.
  1230 | D:2      | 1230 ||| IDENTIFYING fizzy pink potion
  1266 | D:3      | Found Footiepo's General Store.
  1270 | D:3      | 1270 ||| SHOPLISTING +2 cloak of willpower (301 gold, have
                  | 132).
  1270 | D:3      | 1270 ||| SHOPLISTING +2 helmet of see invisible (301 gold,
                  | have 132).
  1270 | D:3      | 1270 ||| BUYING potion of curing (42 gold).
  1270 | D:3      | Bought a potion of curing for 42 gold pieces
  1606 | D:3      | Reached XP level 5. HP: 32/32 MP: 5/5
  1674 | D:3      | Found a faded altar of an unknown god.
  1850 | D:3      | Reached skill level 6 in Ranged Weapons
  2086 | D:3      | 2086 ||| READING scroll labelled CAITAYS TOCUWK.
  2087 | D:3      | 2087 ||| READING scroll labelled ROZOADDOHAE.
  2092 | D:3      | 2092 ||| READING 5 scrolls of identify.
  2092 | D:3      | 2092 ||| IDENTIFYING fuming brown potion
  2093 | D:3      | 2093 ||| DROPPING potion of lignification.
  2157 | D:4      | Found an iron altar of Okawaru.
  2158 | D:4      | 2158 ||| PLANNING OKAWARU WORSHIP
  2164 | D:4      | Became a worshipper of Warmaster Okawaru
  2165 | D:4      | 2165 ||| PLANNING D:1-11
  2235 | D:4      | 2235 ||| FLEEEEING.
  2236 | D:4      | 2236 ||| FLEEEEING.
  2237 | D:4      | 2237 ||| FLEEEEING.
  2247 | D:4      | 2247 ||| FLEEEEING.
  2255 | D:4      | 2255 ||| FLEEEEING.
  2256 | D:4      | 2256 ||| FLEEEEING.
  2257 | D:4      | 2257 ||| FLEEEEING.
  2266 | D:4      | 2266 ||| FLEEEEING.
  2267 | D:4      | 2267 ||| FLEEEEING.
  2270 | D:4      | 2270 ||| FLEEEEING.
  2271 | D:4      | 2271 ||| FLEEEEING.
  2272 | D:4      | 2272 ||| FLEEEEING.
  2273 | D:4      | 2273 ||| FLEEEEING.
  2274 | D:4      | 2274 ||| FLEEEEING.
  2275 | D:4      | 2275 ||| FLEEEEING.
  2276 | D:4      | 2276 ||| FLEEEEING.
  2277 | D:4      | 2277 ||| FLEEEEING.
  2278 | D:4      | 2278 ||| FLEEEEING.
  2302 | D:4      | Found a broken altar of Ashenzari.
  2390 | D:4      | 2390 ||| UPGRADING to +4 ring of protection.
  2400 | D:4      | Reached XP level 6. HP: 30/38 MP: 6/6
  2487 | D:4      | Found a staircase to the Ecumenical Temple.
  2575 | D:4      | Found a shadowy altar of Dithmenos.
  2744 | D:4      | 2744 ||| UPGRADING to +0 cloak.
  2776 | D:5      | Entered Level 5 of the Dungeon
  2868 | D:5      | Found Zin's Purification Station.
  2875 | D:5      | Found a glowing silver altar of Zin.
  2881 | D:5      | 2881 ||| BUYING potion of curing (90 gold).
  2881 | D:5      | Bought a potion of curing for 90 gold pieces
  2952 | D:5      | Reached skill level 7 in Ranged Weapons
  3511 | D:5      | 3511 ||| READING scroll labelled YTHORI RUURGHA.
  3512 | D:5      | 3512 ||| READING scroll labelled KOYRIUG URUL.
  3513 | D:5      | 3513 ||| READING 5 scrolls of identify.
  3513 | D:5      | 3513 ||| IDENTIFYING murky orange potion
  3537 | D:6      | 3537 ||| PLANNING OSSUARY
  3568 | D:6      | Reached XP level 7. HP: 39/43 MP: 7/7
  3570 | D:6      | Reached * piety under Okawaru
  3692 | D:6      | Found a runed translucent door.
  3693 | D:6      | Noticed Crazy Yiuf
  3709 | D:6      | Noticed a steam dragon
  3710 | D:6      | 3710 ||| INVOKING Heroism.
  3717 | D:6      | 3717 ||| Stepping ~*~*~tactically~*~*~ (cloud).
  3726 | D:6      | Killed a steam dragon
  3727 | D:6      | Reached skill level 8 in Ranged Weapons
  3727 | D:6      | 3727 ||| FLEEEEING.
  3887 | D:6      | Noticed Maggie
  3890 | D:6      | 3890 ||| RETREATING.
  3896 | D:6      | 3896 ||| INVOKING Heroism.
  3896 | D:6      | HP: 8/44 [phantom (4)]
  3902 | D:6      | HP: 2/44 [constriction (3)]
  3903 | D:6      | Slain by Maggie

Levels and vault maps discovered:
D:1:      spicycebolla_arrival_clurvy, layout_rooms,
          kennysheep_decorative_pillar
D:2:      layout_loops_ring, minmay_pentomino_pile
D:3:      layout_basic, serial_shops, nicolae_shop_trees, basic_ecumenical_altar
D:4:      layout_rooms, nicolae_dithmenos_the_darkroom,
          mainiacjoe_overflow_catch_the_wave, temple_pool_b,
          minmay_strange_pillars
D:5:      layout_loops_ring, zin_purify, minmay_misc_feat_rugged
D:6:      layout_rooms, serial_shops, shop, serial_corexii_hall,
          corexii_hall_statues_t, chequers_hall_statues_corner_a,
          corexii_hall_statues_x, chequers_hall_statues_corner_a,
          corexii_hall_statues_u, chequers_hall_statues_corner_a,
          nicolae_ossuary_entry_giza, glass_columns_a, uniq_maggie,
          uniq_crazy_yiuf_cottage

Skill      XL: |  1  2  3  4  5  6  7 |
---------------+----------------------+-----
Armour         | 1 |  1.1
Ranged Weapons | 5 6 7 8 |  8.3
Fighting       | 3 4 5 |  5.3
Dodging        | |  1.5
Stealth        | |  1.1

Action                     |  1- 3 |  4- 6 |  7- 9 || total
---------------------------+-------+-------+-------++-------
   Fire: Shortbow          |    77 |   243 |    44 ||   364
 Invoke: Heroism           |       |       |     2 ||     2
    Use: Scroll            |     6 |     9 |       ||    15
         Potion            |       |     1 |       ||     1
 Armour: Leather armour    |    20 |       |       ||    20
         Ring mail         |     5 |    55 |    32 ||    92
  Dodge: Dodged            |    20 |    81 |    25 ||   126

Table legend:
 A = Non-vault XP
 B = Vault XP
 C = Vault XP percentage of total XP
 D = Non-vault monster count
 E = Vault monster count
 F = Vault count percentage of total count
                 A         B        C        D         E       F
            +---------+---------+-------+---------+---------+-------
      Total |    1158 |      19 |   1.6 |      93 |       5 |   5.1
            +---------+---------+-------+---------+---------+-------
        D:1 |      36 |       0 |   0.0 |      19 |       0 |   0.0
        D:2 |      84 |      19 |  18.4 |      23 |       5 |  17.9
        D:3 |     120 |       0 |   0.0 |      26 |       0 |   0.0
        D:4 |      89 |       0 |   0.0 |      15 |       0 |   0.0
        D:5 |     257 |       0 |   0.0 |       5 |       0 |   0.0
        D:6 |     572 |       0 |   0.0 |       5 |       0 |   0.0
            +---------+---------+-------+---------+---------+-------
